 Dungeon Crawl Stone Soup version 0.28-a0-8-g6e044cfa68 (webtiles) character file.

Game seed: 6490557155820431936

53 Gwenloh the Covered (level 4, -2/35 HPs)
             Began as a Human Fighter on July 24, 2021.
             Was a Follower of Uskayaw.
             Killed from afar by Sigmund (9 damage)
             ... with a puff of flame
             ... on level 2 of the Dungeon.
             The game lasted 00:03:35 (2365 turns).

Gwenloh the Covered (Human Fighter)                 Turns: 2365, Time: 00:03:36

Health: -2/35      AC:  6    Str: 16    XL:     4   Next: 11%
Magic:  2/4        EV:  6    Int:  9    God:    Uskayaw [*.....]
Gold:   59         SH:  9    Dex: 13    Spells: 3/3 levels left

rFire   . . .      SeeInvis .   a - +0 long sword
rCold   . . .      Faith    .   c - +0 kite shield
rNeg    . . .      Spirit   .   b - +0 scale mail
rPois   .          Reflect  .   (no helmet)
rElec   .          Harm     .   (no cloak)
rCorr   .          Rampage  .   (no gloves)
Will    .....                   (no boots)
Stlth   ..........              (no amulet)
HPRegen 0.11/turn               (no ring)
MPRegen 0.09/turn               (no ring)

@: no status effects
A: no striking features
a: Renounce Religion, Stomp


You were on level 2 of the Dungeon.
You worshipped Uskayaw.
Uskayaw was noncommittal.
You visited 1 branch of the dungeon, and saw 2 of its levels.

You collected 59 gold pieces.

Inventory:

Hand Weapons
 a - a +0 long sword (weapon)
Missiles
 f - 56 stones (quivered)
 g - 24 bolts
 n - 10 poisoned darts
Armour
 b - a +0 scale mail (worn)
 c - a +0 kite shield (worn)
Scrolls
 e - 2 scrolls of teleportation {unknown}
 h - a scroll of fog {unknown}
 i - 2 scrolls of silence {unknown}
 j - 3 scrolls of identify {unknown}
 k - a scroll of enchant armour {unknown}
 l - a scroll of enchant weapon {unknown}
 m - a scroll of amnesia {unknown}
 o - a scroll of brand weapon {unknown}
Potions
 d - a potion of might


   Skills:
 + Level 3.4 Fighting
 * Level 3.2 Long Blades
 + Level 3.4 Armour
 - Level 3.0 Shields
 + Level 0.0 Invocations


You had 3 spell levels left.
You didn't know any spells.
Your spell library contained the following spells:

 Spells                   Type           Power      Damage    Failure   Level
 Animate Skeleton         Necr           0%         N/A       100%        1
 Pain                     Necr           0%         1d4       100%        1
 Vampiric Draining        Necr           0%         2d6       100%        3


Dungeon Overview and Level Annotations

Branches:
Dungeon (2/15)

Altars:
Uskayaw

Annotations:
D:2 Sigmund


Message History

You throw a stone.
The stone hits the dart slug but does no damage.
The dart slug is lightly wounded.
You throw a stone.
Sigmund shouts!
The stone hits Sigmund but does no damage.
Sigmund screams, "Die, monster!"
You throw a stone. The stone barely misses Sigmund.
Sigmund hits you but does no damage. Sigmund barely misses you.
You stomp with the beat, sending a shockwave through the revellers around you!
Sigmund is moderately wounded.
You can no longer stomp with the beat.
Sigmund hits you but does no damage.
You barely miss Sigmund.
Sigmund is moderately wounded.
Sigmund hits you with a +0 scythe.
You hit Sigmund.
Sigmund is heavily wounded.
Sigmund hits you with a +0 scythe. The dart slug launches a dart at you.
The slug dart hits you but does no damage.
Sigmund mumbles some strange words.
Sigmund flickers and vanishes!
Deactivating autopickup; reactivate with Ctrl-A.
You can now stomp with the beat.
You miss something. Something hits you. Something hits you!
You block something's attack. The dart slug launches a dart at you.
The slug dart hits you.
* * * LOW HITPOINT WARNING * * *
The dart slug launches a dart at you. The slug dart hits you.
* * * LOW HITPOINT WARNING * * *
You hear some strange, mumbled words.
Something tries to affect you, but you resist.
A puff of flame appears from out of thin air!
The puff of flame hits you!
You die...

##.####.###.#############.#
.....##.# #.# #.# ##.#.##.# #.#
#.# #.#.##.# #.# #.# #.#.##.# #.#
#.# #.#.##.# #.# #.# #.#
##.#..#.###.#############.#.....
.................................
##.#.....<#.....@...{.w........#.
##.#..#.########.######.#......((
##.#..#...............(......###.
'................>....(.......#
####..##########.######...#...#
####.......{.....########.....#
......#######.........# ......
....... +.........# ##.. ......##
#g........#


You could see a dart slug.

Vanquished Creatures
  4 worms (D:2)
  A dart slug (D:1)
  3 endoplasms (D:1)
  6 goblins (D:1)
  2 hobgoblins (D:1)
  5 jackals
  2 quokkas
  4 ball pythons
  3 bats
  3 frilled lizards
  2 kobolds
  A rat (D:1)
36 creatures vanquished.

Notes
Turn   | Place    | Note
-------+----------+-------------------------------------------
     0 | D:1      | Gwenloh the Human Fighter began the quest for the Orb.
     0 | D:1      | Reached XP level 1. HP: 18/18 MP: 1/1
   336 | D:1      | Reached XP level 2. HP: 21/24 MP: 2/2
   686 | D:1      | Reached XP level 3. HP: 28/29 MP: 3/3
   957 | D:1      | Found a faded altar of an unknown god.
  1397 | D:1      | Became a worshipper of Uskayaw the Reveller
  1397 | D:1      | Reached * piety under Uskayaw
  1447 | D:2      | Reached ** piety under Uskayaw
  1694 | D:2      | Reached *** piety under Uskayaw
  1959 | D:2      | Reached XP level 4. HP: 23/35 MP: 0/4
  2117 | D:2      | Noticed Sigmund
  2365 | D:2      | Killed from afar by Sigmund

Illustrated notes

Levels and vault maps discovered:
D:1:      psy_arrival_fountain, layout_basic,
          shapermc_ecumenical_altar_totnotflames, minmay_heptomino_l4
D:2:      layout_basic, minmay_fractal_squares_gapless_5, uniq_sigmund

Skill      XL: |  1  2  3 |
---------------+----------+-----
Long Blades    | 3 |  3.2
Fighting       | |  3.4
Armour         | |  3.4
Shields        | |  3.0

Action                   |  1- 3 |  4- 6 || total
-------------------------+-------+-------++-------
Melee: Long sword        |   109 |    11 ||   120
Throw: Stone             |    49 |    11 ||    60
Invok: Stomp             |     2 |     1 ||     3
Armor: Scale mail        |    42 |    12 ||    54
Dodge: Dodged            |    19 |     5 ||    24
Block: Kite shield       |    53 |     7 ||    60
       Rpst.: Long sword |    10 |       ||    10

Table legend: (Time is in decaauts)
 A = Elapsed time spent in this place.
 B = Non-inter-level travel time spent in this place.
 C = Inter-level travel time spent in this place.
 D = Time resting spent in this place.
 E = Time spent auto-exploring this place.
 F = Levels seen in this place.
 G = Mean time per level.
                   A        B        C        D        E       F      G
               +--------+--------+--------+--------+--------+-----+--------+
         Total |   2446 |   2357 |     89 |     80 |   1885 |   2 | 1223.0 |
       Dungeon |   2446 |   2357 |     89 |     80 |   1885 |   2 | 1223.0 |
               +--------+--------+--------+--------+--------+-----+--------+

Top non-repeatable levels by time:
     D:1: 1574 daAuts
     D:2: 872 daAuts
